Cogmind - Beta 17.1 @@@ ROGUE MODE // 2026.09.16 @ 01:06:51 Player: 4R-ZE3 Result: Self-destructed Performance ------------- Evolutions (1) 500 Regions Visited (2) 400 Robots Destroyed (15) 75 Value Destroyed (327) 327 Prototype IDs (0) 0 Alien Tech Used (0) 0 Bonus (0) 0 TOTAL SCORE: 1302 Bonus ------- None Cogmind --------- Core Integrity 400/400 Matter 300/300 Energy 265/265 System Corruption 0% Temperature Cool (0) Movement Treading (240) Ox1 Location -9/Materials Parts ------- > --- POWER (1) -------- Reinforced Ion Engine > --- PROPULSION (2) --- Light Treads Light Treads > --- UTILITY (4) ------ High-capacity Storage Unit > --- WEAPON (2) ------- Assault Rifle Light Cannon > --- INVENTORY (20) --- Reinforced Ion Engine Reinforced Ion Engine Light Treads Light Treads Light Treads Wheel Compact Wheel Heat Sink Structural Scanner Seismic Detector EM Pulse Gun Medium Laser Medium Laser Medium Laser Small Laser Hammer Peak State ------------ > --- POWER ------------ Reinforced Ion Engine > --- PROPULSION ------- Light Treads Light Treads > --- UTILITY ---------- High-capacity Storage Unit Structural Scanner > --- WEAPON ----------- EM Pulse Gun Small Laser > --- INVENTORY -------- Reinforced Ion Engine Reinforced Ion Engine Light Treads Wheel Compact Wheel Small Storage Unit Medium Laser Medium Laser [Rating: 9] Favorites ----------- Power Reinforced Ion Engine Engine Reinforced Ion Engine Propulsion Light Treads Treads Light Treads Utility High-capacity Storage Unit Device Structural Scanner Storage High-capacity Storage Unit Weapon Small Laser Energy Gun Small Laser Ballistic Gun Assault Rifle Ballistic Cannon Light Cannon Build | -11 -10 -9 ------- Run | Yrd Mat Mat Slots Evolved 2 | . . 2 Power . | . . . Propulsion . | . . . Utility 2 | . . 2 Weapon . | . . . Parts Attached 13 | 6 7 . Power 3 | 1 2 . Engine 3 | 1 2 . Core . | . . . Reactor . | . . . Propulsion 3 | 2 1 . Treads 3 | 2 1 . Leg . | . . . Wheel . | . . . Hover . | . . . Flight . | . . . Utility 3 | 1 2 . Device 1 | . 1 . Storage 2 | 1 1 . Processor . | . . . Hackware . | . . . Protection . | . . . Artifact . | . . . Weapon 4 | 2 2 . Energy Gun 2 | 2 . . Energy Cannon . | . . . Ballistic Gun 1 | . 1 . Ballistic Cannon 1 | . 1 . Launcher . | . . . Special Weapon . | . . . Impact Weapon . | . . . Slashing Weapon . | . . . Piercing Weapon . | . . . Special Melee Weapon . | . . . Unidentified Prototypes . | . . . Parts Lost 2 | . 2 . Power . | . . . Propulsion 1 | . 1 . Utility 1 | . 1 . Weapon . | . . . Highest Loss Streak 2 | . 2 . To Critical Strikes . | . . . Average Backups 9 | 1 10 . Power 1 | . 2 . Propulsion 4 | . 4 . Utility . | . . . Weapon 3 | . 3 . Tool/Special . | . . . Unused Backups 14 | . 1 13 Power 3 | . 1 2 Propulsion 4 | . . 4 Utility 3 | . . 3 Weapon 4 | . . 4 Tool/Special . | . . . Average Slot Usage (%) 94 | . 94 . Engine 13 | . 13 . Treads 28 | . 28 . Device 8 | . 8 . Storage 14 | . 14 . Energy Gun 16 | . 16 . Ballistic Gun 5 | . 5 . Ballistic Cannon 5 | . 5 . Peak Build Rating 9 | 6 9 . Average Rating 8 | 5 8 . On Entrance 4 | . 6 8 Avg Prop Armor Cover (%) . | . . . Naked Turns . | . . . Heaviest Build 56 | 13 56 . Greatest Support 40 | 40 40 . Greatest Overweight (x) 1 | . 1 . Average Overweight (x) . | . . . Largest Inventory Capacity 20 | 8 20 . Average Capacity 16 | 7 17 . Most Carried 16 | 3 16 . Average Carried 9 | 1 10 . Final Capacity 20 | 8 20 20 Final Carried 16 | 3 16 16 Class Distribution -------------------- 100% | Mutant Dominant Class ---------------- Mutant | -10/Materials Mutant | -9/Materials Resources | -11 -10 -9 ----------- Run | Yrd Mat Mat Matter Collected 477 | 140 337 . Remotely . | . . . Salvage Created 449 | . 449 . Parts 41 | . 41 . Haulers Intercepted 2 | . 2 . Recyclers Shooed . | . . . Parts Field Recycled . | . . . Retrieved Matter . | . . . Parts Self-Destructed . | . . . Prevented . | . . . Parts Restored . | . . . Kills | -11 -10 -9 ------- Run | Yrd Mat Mat Combat Hostiles Destroyed 11 | . 11 . Guns 5 | . 5 . Cannons 6 | . 6 . Classes Destroyed 5 | . 5 . Worker 1 | . 1 . Tunneler 1 | . 1 . Hauler 2 | . 2 . Swarmer 3 | . 3 . Grunt 8 | . 8 . Best Kill Streak 4 | . 4 . Combat Bots Only 3 | . 3 . Max Kills in Single Turn 1 | . 1 . Gunslinging . | . . . Exploded . | . . . Melee . | . . . Uniques/NPCs Destroyed . | . . . Combat | -11 -10 -9 -------- Run | Yrd Mat Mat Hostile Shots Fired 58 | . 58 . Missed 12 | . 12 . Hits 46 | . 46 . Projectile 46 | . 46 . Damage Taken 555 | . 555 . Core 122 | . 122 . Absorbed by Shields . | . . . Core Remaining (%) 75 | 100 51 . Volleys Fired 46 | . 46 . Largest 2 | . 2 . Hottest 80 | . 80 . Shots Fired 86 | . 86 . Gun 65 | . 65 . Cannon 21 | . 21 . Launcher . | . . . Special . | . . . Kinetic 42 | . 42 . Thermal 19 | . 19 . Explosive . | . . . Electromagnetic 25 | . 25 . Robot Hit Streak 10 | . 10 . Robot Miss Streak 4 | . 4 . Penetration Max . | . . . Secondary Targets 1 | . 1 . Max Gunslinging Chain 1 | . 1 . Shots Hit Robots 56 | . 56 . Core Hits 22 | . 22 . Critical Kills . | . . . Critical Parts Destroyed . | . . . Critical Strikes . | . . . Melee Attacks . | . . . Impact . | . . . Slashing . | . . . Piercing . | . . . Sneak Attacks . | . . . Combat Hostiles . | . . . Follow-up Attacks . | . . . Damage Inflicted 793 | . 793 . Guns 488 | . 488 . Cannons 305 | . 305 . Explosions . | . . . Melee . | . . . Ramming . | . . . Kinetic 497 | . 497 . Thermal 107 | . 107 . Explosive . | . . . Electromagnetic 189 | . 189 . Impact . | . . . Slashing . | . . . Piercing . | . . . Highest Corruption . | . . . Average Corruption . | . . . Corruption Purged . | . . . Corruption Blocked . | . . . Overload Shots . | . . . Overflow Damage . | . . . Projectiles . | . . . Explosions . | . . . Melee . | . . . Knockbacks 4 | . 4 . Impact . | . . . Kinetic 4 | . 4 . Secondary . | . . . Self-Inflicted Damage . | . . . Shots . | . . . Rammed . | . . . Targets Rammed . | . . . Kicked . | . . . Crushed . | . . . Highest Temperature 303 | . 303 . Average Temperature 100 | . 100 . Received Heat Transfer 267 | . 267 . Effects 1 | . 1 . Energy Bleed 1 | . 1 . Siege Activations . | . . . Martial Activations . | . . . Shielding Activations . | . . . Robots Disrupted . | . . . Combat Hostiles . | . . . Robots Corrupted . | . . . Combat Hostiles . | . . . Parts Fried . | . . . Impact Corruptions . | . . . Robots Melted . | . . . Combat Hostiles . | . . . Parts Melted 1 | . 1 . Heat Transferred 250 | . 250 . Parts Sabotaged . | . . . Parts Stolen . | . . . Parts Stripped . | . . . Power Chain Reactions . | . . . Alert | -11 -10 -9 ------- Run | Yrd Mat Mat Maximum Alert Level . | . . . Low Security (%) 100 | 100 100 . Level 1 . | . . . Level 2 . | . . . Level 3 . | . . . Level 4 . | . . . Level 5 . | . . . High Security . | . . . Max Security . | . . . Peak Influence 129 | . 129 . Initial 38 | . . 38 Average 39 | . 42 . Influence Increases 380 | . 380 . Destroy 0b10 Robot/C 220 | . 220 . Destroy 0b10 Robot/NC 20 | . 20 . Destroy Leader 44 | . 44 . Successful Hack 6 | . 6 . Select Force Hacks 60 | . 60 . Lose Combat Pursuer 30 | . 30 . Influence Decreases 342 | . 289 53 Entered New Map 53 | . . 53 Time Decay 269 | . 269 . Lost Part 20 | . 20 . Squads Dispatched 2 | . 2 . Investigation 2 | . 2 . Extermination . | . . . Reinforcement . | . . . Assault . | . . . Garrison . | . . . Intercept . | . . . Searches Triggered . | . . . Construction Impeded . | . . . Haulers Reinforced . | . . . Active Scanning Responses . | . . . Cargo Convoy Interrupts . | . . . Stealth | -11 -10 -9 --------- Run | Yrd Mat Mat Distress Signals 3 | . 3 . Communications Jammed . | . . . Distress Signals . | . . . Times Spotted 22 | . 22 . Peak Tracking Total 5 | . 5 . Tactical Retreats 2 | . 2 . Traps | -11 -10 -9 ------- Run | Yrd Mat Mat Traps Triggered 1 | . 1 . Indirectly . | . . . Trap Hack Attempts . | . . . Triggered . | . . . Disarmed . | . . . Reprogrammed . | . . . Reused . | . . . Traps Extracted . | . . . Installed . | . . . Triggered . | . . . Machines | -11 -10 -9 ---------- Run | Yrd Mat Mat Machines Disabled . | . . . Max in Single Turn . | . . . Machines Repaired . | . . . Machines Dismantled . | . . . Machines Sabotaged . | . . . Overloaded Fab Kills . | . . . Hacking | -11 -10 -9 --------- Run | Yrd Mat Mat Machines Accessed 4 | . 4 . Terminals 2 | . 2 . Fabricators . | . . . Repair Stations . | . . . Recycling Units 2 | . 2 . Scanalyzers . | . . . Garrison Access . | . . . Total Hacks 7 | . 7 . Successful 4 | . 4 . Failed 3 | . 3 . Catastrophic . | . . . Database Lockouts . | . . . Manual 7 | . 7 . Terminals 4 | . 4 . Fabricators . | . . . Repair Stations . | . . . Recycling Units 3 | . 3 . Scanalyzers . | . . . Garrison Access . | . . . Terminal Hacks 1 | . 1 . Recycling Unit Index 1 | . 1 . Fabricator Hacks . | . . . Repair Station Hacks . | . . . Recycling Unit Hacks . | . . . Scanalyzer . | . . . Garrison Access Hacks . | . . . Unauthorized Hacks 3 | . 3 . Terminals 1 | . 1 . Botnet 1 | . 1 . Fabricators . | . . . Repair Stations . | . . . Recycling Units 2 | . 2 . Tunnel 2 | . 2 . Scanalyzers . | . . . Garrison Access . | . . . Data Cores Recovered . | . . . Used . | . . . Hacking Detections 2 | . 2 . Full Trace Events . | . . . Feedback Events . | . . . Feedback Blocked . | . . . Robot Schematics Acquired . | . . . Robots Built . | . . . Authchips . | . . . Time . | . . . Total Robot Build Rating . | . . . Part Schematics Acquired . | . . . Parts Built . | . . . Authchips . | . . . Time . | . . . Total Part Build Rating . | . . . Part Studies Acquired . | . . . Parts Repaired . | . . . Time . | . . . Parts Recycled . | . . . Recycled Matter . | . . . Retrieved Matter . | . . . Retrieved Components . | . . . Parts Scanalyzed . | . . . Part Schematics Acquired . | . . . Parts Damaged . | . . . Bothacking | -11 -10 -9 ------------ Run | Yrd Mat Mat Used RIF Installer . | . . . Robots Hacked . | . . . Non-combat . | . . . Combat . | . . . Robot Hacks Applied . | . . . Relay Couplers Released . | . . . Fabnet Peak Effective % . | . . . Robots Rewired . | . . . Allies Hacked . | . . . Hacks Repelled . | . . . Allies | -11 -10 -9 -------- Run | Yrd Mat Mat Total Allies . | . . . Largest Group . | . . . Highest-Rated Group . | . . . Highest-Rated Ally . | . . . Total Orders . | . . . Ally Attacks . | . . . Total Damage . | . . . Kills . | . . . Allies Corrupted . | . . . Allies Melted . | . . . Intel | -11 -10 -9 ------- Run | Yrd Mat Mat Active Infowar (turns) 547 | . 547 . Structural 547 | . 547 . Robot Analysis Total . | . . . Derelict Logs Recovered . | . . . Drone Launches . | . . . Drone Recoveries . | . . . Exploration | -11 -10 -9 ------------- Run | Yrd Mat Mat Turns Passed 926 | 71 855 . Spaces Moved 360 | 40 320 . Core 5 | 5 . . Treads 355 | 35 320 . Legs . | . . . Wheels . | . . . Hover . | . . . Flight . | . . . Fastest Speed 50 | 50 160 . Average Speed 206 | 146 214 . Slowest Speed 240 | 160 240 . Overloaded Moves . | . . . Propulsion Burnouts . | . . . Robots Hopped . | . . . Potential Cave-ins . | . . . Cave-ins Triggered . | . . . Exploration Rate (%) 19 | 3 55 1 Regions Visited 2 Branch Regions . Pre-discovered Areas 2 | . 2 . Known Exits Taken . | . . . Unknown Exits Taken 2 | 1 1 . Scrap Searched . | . . . Spaces Dug . | . . . Terrain Destroyed . | . . . Melee . | . . . Projectile . | . . . AOE . | . . . Terrain Rammed . | . . . Walls Destroyed . | . . . Machines Disabled . | . . . Actions | -11 -10 -9 --------- Run | Yrd Mat Mat Total 454 | 50 404 . Wait 13 | 2 11 . Move 358 | 39 319 . Hop . | . . . Pick Up 20 | 3 17 . Fast Attach 8 | 6 2 . Attach 3 | . 3 . Detach . | . . . Swap 3 | . 3 . Drop 3 | . 3 . Fire 46 | . 46 . Melee . | . . . Ram . | . . . Kick . | . . . Crush . | . . . Escape Stasis . | . . . Rewire . | . . . Trap . | . . . Miscellaneous . | . . . Route ------- -11/Scrapyard -10/Materials (discovered 4 exits: [*Mat] / [*Min x2] / [*Sub]) -9/Materials History --------- Turn | Location | Event 7 | -11/Scrapyard | Discovered new exit (range 15) 72 | -11/Scrapyard | Entered Materials 135 | -10/Materials | Discovered new exit (range 12) 236 | -10/Materials | Discovered new exit (range 14) 317 | -10/Materials | Build established: Mutant 489 | -10/Materials | Discovered new exit (range 8) 539 | -10/Materials | Discovered new exit (range 5) 927 | -10/Materials | Entered another Materials area 927 | -9/Materials | Evolved 2 slots: Utility x2 927 | -9/Materials | Self-destructed Last Messages --------------- 00773_ G-34 Mercenary destroyed. 00774_ Acquired 5 matter. 00779_ G-34 Mercenary knocked back. 00785_ Lgt. Treads destroyed. 00785_ G-34 Mercenary destroyed. 00786_ Acquired 4 matter. 00797_ Acquired Seismic Detector. 00798_ Acquired 27 matter. 00803_ R-06 Scavenger collects Aluminum Leg. 00807_ K-01 Serf destroyed. 00807_ R-06 Scavenger collects Heat Sink. 00810_ Acquired 7 matter. 00811_ R-06 Scavenger collects Aluminum Leg. 00832_ Acquired Structural Scanner. 00904_ A-02 Transporter destroyed. 00907_ Acquired 21 matter. 00914_ Acquired Lgt. Treads. PARAMETERS=UTILITY+2 LOCATION=UNKNOWN GOAL=ESCAPE Map ----- +----------------------------------------------------+ | ?????????????????????????????????????????????????? | | ?????????????????????????????????????????????????? | | ?????????????????????????????????????????????????? | | ?????????????????????????????????????????????????? | | ?????????????????????????????????????????????????? | | ?????????????????????????????????????????????????? | | ?????????????????????????????????????????????????? | | ?????????????????????????????????????????????????? | | ?????????????????????????????????????????????????? | | ?????????????????????????????????????????????????? | | ???????????????????????? " ??????????????????????? | | ???????????????????????? ??????????????????????? | | ???????????????????????? ??????????????????????? | | ???????????????????????# #?????????????????????? | | ???????????????????????# #?????????????????????? | | ???????????????????????# #?????????????????????? | | ???????????????????????# #?????????????????????? | | ???????????????????????# #?????????????????????? | | ???????????????????????# ?????????????????????? | | ???????????????????????# #?????????????????????? | | ???????????????????????# #?????????????????????? | | ???????????????????????# #?????????????????????? | | ???????????????????????# #?????????????????????? | | ???????????????????????# #?????????????????????? | | ???????????????????????# #?????????????????????? | | ???????????????????????# @ #?????????????????????? | | ???????????????????????# #?????????????????????? | | ???????????????????????#####?????????????????????? | | ?????????????????????????????????????????????????? | | ?????????????????????????????????????????????????? | | ?????????????????????????????????????????????????? | | ?????????????????????????????????????????????????? | | ?????????????????????????????????????????????????? | | ?????????????????????????????????????????????????? | | ?????????????????????????????????????????????????? | | ?????????????????????????????????????????????????? | | ?????????????????????????????????????????????????? | | ?????????????????????????????????????????????????? | | ?????????????????????????????????????????????????? | | ?????????????????????????????????????????????????? | | ?????????????????????????????????????????????????? | | ?????????????????????????????????????????????????? | | | | | | | | | | | | | | | | | +----------------------------------------------------+ Best States ------------- Heat Dissipation 25 Energy Generation 12 Energy Capacity 265 Matter Stores 300 Matter Capacity 300 Sight Range 16 Terrain Scan Density 10 Evasion (%) 40 Recoil Reduction 2 Item Schematics ----------------- None Robot Schematics ------------------ None Fabricated ------------ Nothing Repaired ---------- Nothing Studied --------- None Alien Tech Used ----------------- None Achievements -------------- None Challenges ------------ None Game ------ Seed BattleDisruptorMonowheel Manual? 0 Play Time 00:04:37 Cumulative 416.3 hours Start 2026.09.16 @ 01:02:18 End 2026.09.16 @ 01:06:51 Sessions 1 Manual Loads 0 Difficulty Rogue Special Mode None Game No. 361 Rogue 307 Adventurer 54 Explorer 0 Win Type - Total 25 Types 15/2/1/1/1/1/1/1/1/1 Lore% 83 Gallery% 71 Achievement% 72 Wizard Run 0 Options --------- Layout 1 ASCII 0 Keyboard 0 Movement Mouse Keybinds 1 Fullscreen 2 Font 32/Tamsyn Map View 50x35 Zoom Use 0% Tactical HUD 1 Map Filters NONE Filters NONE Steam 1 RUN: 57a0fe63-cf44-4c32-a91b-a71abb521f0d